2662 views
Uploaded 2020-12-15 17:18:43
Game version 1.32.9
22:35 long 1on1 ladder game on (2)EchoIsles
Saved by xzz
2662 views
Uploaded 2020-12-15 17:18:43
Game version 1.32.9
22:35 long 1on1 ladder game on (2)EchoIsles

12 units @ 1.5k
/ 0.1k
6 buildings @ 1k
/ 0.2k

| Rod of Necromancy | 1 | 150 |
| total: | 1 | 150g |
| Acolyte | 5 | 375 | / | 0 |
| Ghoul | 4 | 480 | / | 0 |
| Crypt Fiend | 3 | 645 | / | 120 |
| total: | 12 | 1500g | / | 120w |
| Spirit Tower | 2 | 290 | / | 80 |
| Altar of Darkness | 1 | 180 | / | 50 |
| Ziggurat | 2 | 300 | / | 100 |
| Crypt | 1 | 200 | / | 50 |
| Graveyard | 1 | 215 | / | 0 |
| Tomb of Relics | 1 | 130 | / | 30 |
| total: | 6 | 1025g | / | 230w |
| 0:01 | Acolyte |
| 0:04 | Altar of Darkness |
| 0:06 | Ziggurat |
| 0:17 | Acolyte |
| 0:32 | Crypt |
| 0:57 | Ziggurat |
| 1:25 | Graveyard |
| 1:34 | Ghoul |
| 1:39 | Tomb of Relics |
| 1:50 | Ghoul |
| 2:05 | Carrion Beetles |
| 2:16 | Ghoul |
| 2:32 | Ghoul |
| 2:53 | Crypt Fiend |
| 2:56 | Spirit Tower |
| 3:18 | Spiked Carapace |
| 3:28 | Rod of Necromancy |
| 3:35 | Crypt Fiend |
| 4:18 | Acolyte |
| 4:19 | Crypt Fiend |
| 4:28 | Acolyte |
| 4:33 | Spirit Tower |
| 4:42 | Acolyte |
| 4:51 | Carrion Beetles |
| Right click | 162 |
| Select | 133 |
| Misc. action | 33 |
| Build/train/purchase | 28 |
| Select group | 16 |
| Assign group | 12 |
24 units @ 2.6k
/ 0k
41 buildings @ 6.8k
/ 1.8k

| Sacrificial Skull | 1 | 50 |
| Potion of Healing | 1 | 150 |
| Scroll of Healing | 1 | 250 |
| Scroll of Town Portal | 1 | 350 |
| Potion of Invisibility | 1 | 100 |
| Scroll of Protection | 1 | 150 |
| total: | 6 | 1050g |
| Acolyte | 6 | 450 | / | 0 |
| Ghoul | 18 | 2160 | / | 0 |
| total: | 24 | 2610g | / | 0w |
| Nerubian Tower | 6 | 600 | / | 120 |
| Spirit Tower | 8 | 1160 | / | 320 |
| Altar of Darkness | 1 | 180 | / | 50 |
| Crypt | 6 | 1200 | / | 300 |
| Ziggurat | 27 | 4050 | / | 1350 |
| Graveyard | 2 | 430 | / | 0 |
| Tomb of Relics | 2 | 260 | / | 60 |
| Necropolis | 3 | 675 | / | 0 |
| Halls of the Dead | 1 | 320 | / | 210 |
| Black Citadel | 1 | 325 | / | 230 |
| total: | 41 | 6795g | / | 1760w |
| 0:05 | Acolyte |
| 0:06 | Acolyte |
| 0:12 | Altar of Darkness |
| 0:15 | Crypt |
| 0:34 | Ziggurat |
| 0:55 | Crypt |
| 1:19 | Ghoul |
| 1:36 | Ziggurat |
| 1:39 | Ghoul |
| 1:56 | Ghoul |
| 2:08 | Ghoul |
| 2:17 | Ziggurat |
| 2:28 | Ghoul |
| 2:29 | Ghoul |
| 2:41 | Ziggurat |
| 2:56 | Ghoul |
| 3:10 | Ghoul |
| 3:22 | Ghoul |
| 3:32 | Ghoul |
| 3:40 | Unholy Aura |
| 3:43 | Ghoul |
| 3:59 | Ghoul |
| 4:21 | Ghoul |
| 4:56 | Halls of the Dead |
| 4:59 | Cannibalize |
| 5:17 | Ghoul |
| 5:21 | Graveyard |
| 5:38 | Ghoul |
| 5:48 | Ghoul |
| 5:55 | Nerubian Tower |
| 6:43 | Ziggurat |
| 6:49 | Unholy Armor |
| 7:14 | Death Coil |
| 7:41 | Ghoul |
| 7:44 | Unholy Strength |
| 7:47 | Black Citadel |
| 8:35 | Ghoul |
| 8:38 | Spirit Tower |
| 8:48 | Ziggurat |
| 9:19 | Crypt |
| 9:25 | Crypt |
| 9:45 | Tomb of Relics |
| 9:51 | Tomb of Relics |
| 10:05 | Improved Unholy Armor |
| 10:09 | Ghoul Frenzy |
| 10:11 | Acolyte |
| 10:51 | Acolyte |
| 10:56 | Sacrificial Skull |
| 11:24 | Improved Unholy Strength |
| 11:25 | Advanced Unholy Armor |
| 11:48 | Unholy Aura |
| 12:05 | Ziggurat |
| 12:06 | Ziggurat |
| 12:07 | Ziggurat |
| 12:08 | Ziggurat |
| 12:08 | Ziggurat |
| 13:00 | Ziggurat |
| 13:08 | Ziggurat |
| 13:09 | Ziggurat |
| 13:21 | Nerubian Tower |
| 13:23 | Nerubian Tower |
| 13:24 | Spirit Tower |
| 13:33 | Spirit Tower |
| 13:49 | Acolyte |
| 13:50 | Acolyte |
| 14:13 | Spirit Tower |
| 14:35 | Ziggurat |
| 14:38 | Ziggurat |
| 14:39 | Ziggurat |
| 15:13 | Scroll of Healing |
| 15:19 | Scroll of Town Portal |
| 15:21 | Potion of Healing |
| 15:40 | Spirit Tower |
| 15:41 | Spirit Tower |
| 15:43 | Nerubian Tower |
| 16:01 | Crypt |
| 16:05 | Crypt |
| 16:51 | Advanced Unholy Strength |
| 16:59 | Potion of Invisibility |
| 17:07 | Scroll of Protection |
| 17:34 | Graveyard |
| 18:01 | Death Coil |
| 18:56 | Nerubian Tower |
| 18:57 | Spirit Tower |
| 18:59 | Spirit Tower |
| 19:02 | Nerubian Tower |
| 20:13 | Ziggurat |
| 20:16 | Ziggurat |
| 20:17 | Ziggurat |
| 20:22 | Ziggurat |
| 20:28 | Ziggurat |
| 20:29 | Ziggurat |
| 20:29 | Ziggurat |
| 20:30 | Ziggurat |
| 20:31 | Ziggurat |
| 20:32 | Ziggurat |
| 20:50 | Unholy Aura |
| 21:21 | Necropolis |
| 21:25 | Necropolis |
| 21:28 | Necropolis |
| Right click | 437 |
| Select | 277 |
| Select group | 139 |
| Build/train/purchase | 78 |
| Assign group | 14 |
| Misc. action | 9 |
| Use ability | 8 |
| Esc | 7 |
| Item give/drop | 2 |